 Dungeon Crawl Stone Soup version 0.23-a0-143-g1adec7b (webtiles) character file.

732 mopl the Cleaver (level 8, -2/87 HPs)
             Began as a Formicid Monk on Sept 3, 2018.
             Was a Follower of Qazlal.
             Slain by a troll (3 damage)
             ... on level 4 of the Dungeon.
             The game lasted 00:06:42 (4626 turns).

mopl the Cleaver (Formicid Monk)                    Turns: 4626, Time: 00:06:43

Health: -2/87      AC: 24    Str: 18    XL:     8   Next: 3%
Magic:  2/8        EV:  2    Int: 10    God:    Qazlal [*.....]
Gold:   182        SH:  2    Dex: 13    Spells: 7/7 levels left

rFire    . . .     SeeInvis .   b - +1 short sword (venom)
rCold    . . .     Gourm    .   (no shield)
rNeg     + + +     Faith    .   (armour currently unavailable)
rPois    +         Spirit   .   (helmet unavailable)
rElec    .         Reflect  .   (cloak currently unavailable)
rCorr    .         Harm     .   (gloves currently unavailable)
MR       .....                  (boots currently unavailable)
Stlth    ++........             (no amulet)
HPRegen  0.24/turn              (no ring)
MPRegen  0.11/turn              (no ring)

@: tree-form, very slightly contaminated, invisible
A: permanent stasis, dig shafts and tunnels, four strong arms
a: Renounce Religion


You were on level 4 of the Dungeon.
You worshipped Qazlal.
Qazlal was aware of your devotion.
You were not hungry.
You were a tree.
You visited 2 branches of the dungeon, and saw 5 of its levels.

You collected 182 gold pieces.

Inventory:

Hand Weapons
 a - a +0 hand axe
 b - a +1 short sword of venom (weapon)
Missiles
 p - 69 arrows
 x - 23 bolts
Armour
 j - a +0 scale mail (melded)
 m - a scarf of spirit shield (melded)
Scrolls
 e - a scroll of enchant armour {unknown}
 h - 2 scrolls of teleportation {unknown}
 i - a scroll of immolation {unknown}
 k - 3 scrolls of remove curse {unknown}
 l - 2 scrolls of random uselessness {unknown}
 o - a scroll of amnesia {unknown}
 q - a scroll of enchant weapon {unknown}
 r - 2 scrolls of fear {unknown}
Potions
 f - a potion of might
 n - a potion of resistance
 t - a potion of lignification {!q}
 v - a potion of cancellation
 z - a potion of mutation {!q}
Comestibles
 c - 5 rations
 g - 4 chunks of flesh


   Skills:
 - Level 3.2 Fighting
 * Level 8.9 Axes
 - Level 2.6 Dodging
 - Level 2.4 Stealth


You had 7 spell levels left.
You didn't know any spells.
Your spell library was empty.

Dungeon Overview and Level Annotations

Branches:
Dungeon (4/15)             Temple (1/1) D:4

Altars:
Ashenzari
Cheibriados
Dithmenos
Elyvilon
Fedhas
Gozag
Hepliaklqana
Kikubaaqudgha
Makhleb
Nemelex Xobeh
Okawaru
Qazlal
Ru
Sif Muna
Trog
Uskayaw
Vehumet
Wu Jian
Xom
Yredelemnul
Zin
The Shining One


Innate Abilities, Weirdness & Mutations

You cannot be hasted, slowed, berserked, paralysed or teleported.
You can dig through walls and to a lower floor.
Your four strong arms can wield two-handed weapons with a shield.
((You have a pair of large antennae on your head. (SInv)))


Message History

The troll bites you but does no damage. The troll barely misses you.
The troll claws you.
* * * LOW HITPOINT WARNING * * *
You catch the helpless troll completely off-guard!
You hit the troll.
The troll looks as sick as possible!
The troll is heavily wounded.
The troll barely misses you. The troll claws you but does no damage.
The troll claws you.
* * * LOW HITPOINT WARNING * * *
You hit the troll.
The troll looks as sick as possible!
The troll is severely wounded.
The troll bites you.
* * * LOW HITPOINT WARNING * * *
The troll claws you.
* * * LOW HITPOINT WARNING * * *
The troll claws you but does no damage.
You hit the troll.
The troll looks as sick as possible!
The troll is almost dead.
The troll bites you but does no damage. The troll claws you.
You die...

.......##.#
##...##.!#.##......#
.......##.#
##.##...#.##.......
..........##
#.#...##.########.
########...## +#.#†.##..#
#.. #....###...###...##
#..
#........8...)....######..
##...###...###............
#..## +#T#'.##..#.##....#
#.## #♣#...##.#.......#
#.# ##.##...#.####....#
#.# {##...##.)#.# #.....
#.####.....####.# #....#
#...............# #....#
########.###########....#
#....................#
##.###############.....
#8>8# #....#


You could see a troll.

Vanquished Creatures
  Sigmund (D:2)
  A scorpion (D:4)
  A howler monkey (D:4)
  3 hounds
  2 orc priests
  3 orc wizards
  Jessica (D:2)
  An iguana (D:4)
  A worker ant (D:4)
  Robin (D:2)
  3 adders
  3 worms (D:2)
  A dart slug (D:1)
  3 leopard geckos
  11 orcs
  A ball python (D:2)
  6 giant cockroaches
  17 goblins
  10 hobgoblins
  12 jackals
  3 quokkas
  11 bats
  2 frilled lizards (D:2)
  A giant cockroach zombie (D:2)
  7 kobolds
  A leopard gecko skeleton (D:4)
  8 rats
115 creatures vanquished.

Vanquished Creatures (others)
  A giant cockroach (D:1)
1 creature vanquished.

Grand Total: 116 creatures vanquished

Notes
Turn   | Place    | Note
-------+----------+-------------------------------------------
     0 | D:1      | mopl the Formicid Monk began the quest for the Orb.
     0 | D:1      | Reached XP level 1. HP: 18/18 MP: 1/1
   102 | D:1      | Reached XP level 2. HP: 19/24 MP: 2/2
   254 | D:1      | Reached skill level 4 in Axes
   254 | D:1      | Reached XP level 3. HP: 7/29 MP: 3/3
   268 | D:1      | You fall through a shaft!
   985 | D:2      | Reached XP level 4. HP: 33/35 MP: 4/4
  1494 | D:2      | Reached skill level 5 in Axes
  1514 | D:2      | Noticed Robin
  1529 | D:2      | Killed Robin
  1858 | D:2      | Noticed Sigmund
  1981 | D:3      | Reached XP level 5. HP: 30/41 MP: 5/5
  2561 | D:2      | Noticed Jessica
  2564 | D:2      | Killed Jessica
  2564 | D:2      | Reached skill level 6 in Axes
  2750 | D:2      | Killed Sigmund
  2750 | D:2      | Reached skill level 7 in Axes
  2750 | D:2      | Reached XP level 6. HP: 17/47 MP: 2/6
  3499 | D:3      | HP: 1/47 [orc priest/divine providence (11)]
  3504 | D:3      | Reached XP level 7. HP: 7/52 MP: 1/7
  4118 | D:4      | Reached skill level 8 in Axes
  4148 | D:4      | Found a white marble altar of Elyvilon.
  4242 | D:4      | Found a staircase to the Ecumenical Temple.
  4310 | Temple   | Entered the Ecumenical Temple
  4343 | Temple   | Became a worshipper of Qazlal Stormbringer
  4343 | Temple   | Reached * piety under Qazlal
  4343 | Temple   | Reached ** piety under Qazlal
  4596 | D:4      | Noticed a troll
  4607 | D:4      | Reached XP level 8. HP: 46/58 MP: 2/8
  4617 | D:4      | HP: 4/87 [troll (6)]
  4625 | D:4      | HP: 3/87 [troll (2)]
  4625 | D:4      | HP: 1/87 [troll (2)]
  4626 | D:4      | Slain by a troll

Vault maps used:
D:1:      dpeg_arrival_triangle_fractal, lemuel_old_faithful
D:2:      first_ration, minmay_ruptured, uniq_robin, uniq_jessica, uniq_sigmund
D:4:      cheibrodos_barr_body, elyvilon_altar_5, temple_statues,
          kennysheep_generic_room_15
Temple:   nicolae_temple_the_god_donut

Skill      XL: |  1  2  3  4  5  6  7 |
---------------+----------------------+-----
Axes           | 4 5 7 8 |  8.9
Fighting       | |  3.2
Dodging        | |  2.6
Stealth        | |  2.4

Action                   |  1- 3 |  4- 6 |  7- 9 || total
-------------------------+-------+-------+-------++-------
Melee: Hand axe          |    83 |   236 |    50 ||   369
       Short sword       |       |    15 |    58 ||    73
Invok: Upheaval          |       |       |     1 ||     1
 Abil: Dig               |     2 |     2 |       ||     4
       Shaft Self        |     1 |       |       ||     1
  Use: Scroll            |       |     4 |     5 ||     9
       Potion            |       |     1 |     4 ||     5
 Stab: Invisible         |       |       |     2 ||     2
  Eat: Chunk             |     1 |     8 |     4 ||    13
Armor: Ring mail         |    63 |     4 |       ||    67
       Scale mail        |       |    94 |    26 ||   120
       Skin              |       |       |    22 ||    22
Dodge: Dodged            |   107 |   128 |    63 ||   298
Block: Other             |       |       |     3 ||     3

Table legend:
 A = Non-vault XP
 B = Vault XP
 C = Vault XP percentage of total XP
 D = Non-vault monster count
 E = Vault monster count
 F = Vault count percentage of total count
                 A         B        C        D         E       F
            +---------+---------+-------+---------+---------+-------
      Total |     552 |     494 |  47.2 |      94 |      20 |  17.5
            +---------+---------+-------+---------+---------+-------
        D:1 |      54 |       0 |   0.0 |      30 |       0 |   0.0
        D:2 |      76 |     311 |  80.4 |      32 |      15 |  31.9
        D:3 |     150 |       0 |   0.0 |      16 |       0 |   0.0
        D:4 |     272 |     183 |  40.2 |      16 |       5 |  23.8
            +---------+---------+-------+---------+---------+-------
